Map: Acid Plant LE

Players

Marc - Winner!

  • Race: Terran Terran
  • League: Platinum
  • Spawn Location: 5:00

Kozzy

  • Race: Protoss Protoss
  • League: Gold
  • Spawn Location: 11:00

VOD

Have the link to the VOD?

Description

Time

  • Played on: April 9, 2018, 1:02 p.m.
  • Length: 4:38
Show
View Real Time Build Order
Export as new Build Order

Marc Terran - Winner!

Build Orders: Cyclone Opening 

Get SALT Encoding   

  12  0:12  Supply Depot  
  12  0:24  SCV, Refinery  
  13  0:45  Barracks  
  13  0:46  SCV  
  14  0:58  SCV  
  15  1:10  SCV  
  17  1:31  Orbital Command  
  16  1:36  Factory  
  16  1:44  Barracks Reactor  
  16  1:47  Refinery  
  16  1:57  SCV  
  17  2:09  SCV  
  17  2:12  Supply Depot  
  18  2:29  SCV  
  19  2:35  Engineering Bay  
  19  2:43  Cyclone  
  19  2:44  Cyclone  
  25  2:51  SCV  
  26  3:07  Barracks Tech Lab, SCV  
  26  3:11  Supply Depot  
  27  3:19  SCV  
  27  3:29  Cyclone  
  27  3:32  SCV  
  27  3:33  Cyclone  
  28  4:03  Command Center  
  28  4:14  SCV  
Show
View Real Time Build Order
Export as new Build Order

Kozzy Protoss 

Build Orders:  

Get SALT Encoding   

  12  0:02  Probe  
  13  0:14  Probe  
  14  0:23  Pylon  
  14  0:25  Assimilator  
  14  0:28  Probe  
  15  0:41  Probe (Chrono Boost)  
  16  0:45  Gateway  
  16  0:53  Probe (Chrono Boost)  
  17  1:00  Probe (Chrono Boost)  
  18  1:08  Probe  
  19  1:12  Assimilator  
  19  1:19  Pylon  
  19  1:20  Probe (Chrono Boost)  
  20  1:31  Probe (Chrono Boost)  
  21  1:36  Probe (Chrono Boost)  
  21  1:37  Cybernetics Core  
  22  1:46  Probe  
  23  1:52  Forge  
  23  2:06  Pylon  
  24  2:12  Pylon  
  24  2:15  Stalker  
  25  2:21  Warp Gate  
  25  2:26  Protoss Ground Weapons Level 1 (Chrono Boost)  
  25  2:32  Pylon  
  25  2:49  Stalker  
  27  3:02  Gateway  
  27  3:09  Gateway  
  27  3:19  Stalker  
  29  3:27  Gateway  
  29  3:28  Pylon  
  16  4:02  Probe  
  16  4:18  Shield Battery  
  16  4:20  Pylon  
  15  4:27  Stalker  
  15  4:28  Stalker  
  15  4:30  Stalker  
Tags
 
Add a new tag
Caveats
  • Supply blocks, unpowered buildings, or Contaminate may cause inaccurate times.
  • Supply counts are checked every 10 seconds.